Map: Winter Madness LE

Players

SCIInewby

  • Race: Zerg Zerg
  • League: Master
  • Spawn Location: 5:00

waze - Winner!

  • Race: Protoss Protoss
  • League: Gold
  • Spawn Location: 11:00

VOD

Have the link to the VOD?

Description

Time

  • Played on: Feb. 6, 2026, 11:31 a.m.
  • Length: 10:13
Show
View Real Time Build Order
Export as new Build Order

SCIInewby Zerg 

Build Orders: Hatch First 

Get SALT Encoding   

  12  0:01  Drone  
  13  0:07  Drone  
  14  0:19  Extractor, Drone  
  15  0:28  Overlord  
  15  0:46  Hatchery  
  15  0:47  Drone  
  15  0:53  Drone  
  15  0:54  Drone  
  17  1:12  Spawning Pool  
  17  1:16  Drone x2  
  18  1:21  Extractor, Drone  
  18  1:25  Extractor  
  17  1:31  Drone  
  18  1:38  Evolution Chamber  
  17  1:41  Drone  
  18  1:52  Drone  
  19  1:59  Drone  
  20  2:10  Zergling x4  
  20  2:12  Queen  
  23  2:20  Zergling x2  
  24  2:23  Zergling x2  
  24  2:26  Drone  
  26  2:30  Zergling x2  
  26  2:35  Zergling x2  
  28  2:49  Spine Crawler  
  25  2:58  Overlord  
  25  3:09  Metabolic Boost  
  25  3:12  Overlord  
  25  3:16  Queen  
  25  3:19  Zergling x4  
  29  3:40  Zergling x2  
  31  3:41  Zergling x6  
  33  3:51  Zergling x2  
  33  4:02  Zergling x2  
  30  4:25  Roach Warren  
  30  4:27  Spine Crawler  
  30  4:28  Drone x2  
  30  4:41  Roach Warren  
  24  5:10  Lair  
  24  5:14  Zergling x8  
  24  5:15  Zergling x4  
  29  5:55  Hatchery  
  28  6:04  Zerg Missile Weapons Level 1  
  28  6:14  Spire  
  27  6:21  Queen  
  27  6:22  Drone  
  27  6:23  Drone x3  
  32  6:51  Drone x3  
  35  7:22  Drone  
  36  7:23  Drone  
  36  7:24  Mutalisk  
  36  7:25  Mutalisk x2  
  43  7:31  Extractor  
  43  7:32  Overlord  
  43  7:34  Extractor  
  41  7:41  Spore Crawler  
  40  7:51  Spine Crawler, Mutalisk  
  41  7:59  Mutalisk  
  43  8:20  Mutalisk  
  43  8:21  Mutalisk x2  
  49  8:35  Infestation Pit  
  49  8:36  Drone x2  
  49  8:37  Drone  
  49  9:04  Spore Crawler  
  49  9:09  Overseer  
  48  9:10  Drone  
  48  9:11  Drone x2  
  42  9:47  Hatchery  
Show
View Real Time Build Order
Export as new Build Order

waze Protoss - Winner!

Build Orders: Cannon Rush 

Get SALT Encoding   

  12  0:09  Probe  
  13  0:21  Probe  
  14  0:30  Pylon  
  14  0:41  Pylon  
  14  0:44  Probe  
  15  0:53  Forge  
  15  0:56  Probe  
  16  1:06  Pylon  
  16  1:15  Probe  
  17  1:27  Probe  
  17  1:29  Photon Cannon  
  18  1:34  Photon Cannon  
  18  1:52  Photon Cannon  
  18  2:01  Probe  
  19  2:11  Pylon  
  19  2:13  Probe  
  20  2:22  Gateway  
  20  2:26  Probe  
  21  2:32  Assimilator  
  21  2:38  Probe  
  21  2:39  Assimilator  
  22  2:50  Probe  
  23  2:56  Nexus  
  23  3:01  Pylon  
  23  3:11  Photon Cannon  
  23  3:17  Photon Cannon  
  23  3:24  Pylon  
  23  3:36  Zealot  
  20  4:03  Zealot  
  22  4:24  Probe  
  22  4:29  Pylon  
  23  4:37  Probe  
  24  4:43  Probe  
  24  4:51  Probe  
  25  4:59  Cybernetics Core  
  26  5:00  Probe  
  26  5:06  Photon Cannon  
  25  5:12  Probe  
  26  5:19  Photon Cannon  
  26  5:24  Probe  
  27  5:35  Photon Cannon  
  27  5:36  Probe  
  27  5:38  Shield Battery  
  28  5:45  Pylon, Warp Gate  
  28  5:53  Photon Cannon  
  28  6:00  Probe  
  29  6:04  Photon Cannon  
  29  6:08  Probe  
  30  6:20  Twilight Council  
  30  6:33  Gateway  
  30  6:37  Gateway  
  30  6:42  Gateway  
  30  6:45  Protoss Ground Weapons Level 1  
  30  6:51  Probe  
  30  7:00  Probe  
  31  7:05  Dark Shrine  
  32  7:09  Probe  
  32  7:10  Robotics Facility  
  33  7:18  Probe  
  34  7:26  Probe  
  34  7:35  Probe  
  36  7:47  Probe  
  37  7:59  Observer  
  37  8:00  Probe  
  37  8:05  Assimilator  
  39  8:10  Photon Cannon  
  39  8:12  Photon Cannon  
  39  8:17  Assimilator  
  39  8:29  Dark Templar x3  
  39  8:30  Dark Templar  
  47  9:25  Stargate  
  43  9:40  Stalker  
  43  9:41  Stalker  
  43  9:44  Stalker  
  43  9:45  Stalker  
  47  10:05  Stalker x2  
Tags
 
Add a new tag
Caveats
  • Supply blocks, unpowered buildings, or Contaminate may cause inaccurate times.
  • Supply counts are checked every 10 seconds.